[Event "Gibraltar Challengers A 2020"]
[Site "Caleta"]
[Date "2020.01.21"]
[Round "2.6"]
[White "Ruperez, Miguel"]
[Black "Yanev, Pavel"]
[Result "0-1"]
[ECO "A30"]
[WhiteElo "2126"]
[BlackElo "2200"]
[Annotator "ChessBase"]
[PlyCount "102"]
[EventDate "2020.01.20"]
[EventType "swiss"]
[EventCountry "GGB"]
[SourceTitle "playchess.com"]
[Source "ChessBase"]
[SourceQuality "1"]
[TimeControl "6600+10"]

1. Nf3 c5 2. b3 Nc6 3. Bb2 Nf6 4. c4 e6 5. g3 d5 6. cxd5 exd5 7. Bg2 d4 8. O-O Be7 9. Na3 O-O 10. Nc4 Be6 11. e3 Rc8 12. d3 dxe3 13. fxe3 Nd5 14. Qe2 b5 15. Rad1 Ndb4 16. a3 bxc4 17. dxc4 Qb6 18. axb4 Qxb4 19. Qc2 Rfd8 20. Bc3 Qb6 21. Qb2 f6 22. Nh4 Rxd1 23. Rxd1 Rd8 24. Qc2 Nd4 25. Bxd4 cxd4 26. Nf5 dxe3 27. Nxe7+ Kf7 28. Re1 Kxe7 29. Qc3 Rd1 30. Kf1 Rxe1+ 31. Kxe1 Qc5 32. Bf3 a5 33. Ke2 a4 34. bxa4 Bxc4+ 35. Ke1 Kd6 36. Be2 Bd5 37. Qxc5+ Kxc5 38. Bd3 h6 39. a5 Kd4 40. Be2 f5 41. a6 g5 42. Bh5 f4 43. gxf4 gxf4 44. Ke2 Bc4+ 45. Kf3 Bxa6 46. h4 Kd3 47. Kxf4 Kd2 48. Kf5 e2 49. Bxe2 Bxe2 50. h5 Bxh5 51. Kf6 Bf3 0-1

[Event "Gibraltar Challengers A 2020"]
[Site "Caleta"]
[Date "2020.01.21"]
[Round "2.7"]
[White "Onabogun, Kolade"]
[Black "Kandic, Milan"]
[Result "1/2-1/2"]
[ECO "C41"]
[WhiteElo "2198"]
[BlackElo "2132"]
[Annotator "ChessBase"]
[PlyCount "92"]
[EventDate "2020.01.20"]
[EventType "swiss"]
[EventCountry "GGB"]
[SourceTitle "playchess.com"]
[Source "ChessBase"]
[SourceQuality "1"]
[TimeControl "6600+10"]

1. e4 d6 2. d4 Nf6 3. Nc3 e5 4. Nf3 Nbd7 5. Bc4 Be7 6. O-O O-O 7. a4 c6 8. Re1 b6 9. d5 Bb7 10. b3 cxd5 11. Nxd5 Nxd5 12. Bxd5 Bxd5 13. Qxd5 Qc7 14. c4 Nc5 15. Ra3 Rac8 16. Nd2 a5 17. Nb1 Ne6 18. Be3 Bg5 19. Bxg5 Nxg5 20. Nc3 Qd7 21. f4 Rc5 22. Qd2 exf4 23. Qxf4 Re5 24. Ra2 Rfe8 25. Rd2 Qc6 26. Rd5 f6 27. Re3 Ne6 28. Qg4 f5 29. Qh4 Nc7 30. Rh3 h6 31. Rg3 Nxd5 32. Qxh6 Qc5+ 33. Kh1 R8e7 34. Nxd5 Rxd5 35. cxd5 fxe4 36. h4 Qxd5 37. Qe3 Qc5 38. Qf4 Qe5 39. Qe3 d5 40. Rg5 Qd6 41. Qd4 Qb4 42. Qxd5+ Rf7 43. Rf5 Qe1+ 44. Kh2 Qxh4+ 45. Kg1 Qe1+ 46. Kh2 Qh4+ {[%emt 0:00:04] Qd1 Qd8} 1/2-1/2

[Event "Gibraltar Challengers A 2020"]
[Site "Caleta"]
[Date "2020.01.21"]
[Round "2.8"]
[White "Levay, Sorin"]
[Black "Dolzhikova, Olga"]
[Result "1/2-1/2"]
[ECO "B06"]
[WhiteElo "2192"]
[BlackElo "2123"]
[Annotator "ChessBase"]
[PlyCount "146"]
[EventDate "2020.01.20"]
[EventType "swiss"]
[EventCountry "GGB"]
[SourceTitle "playchess.com"]
[Source "ChessBase"]
[SourceQuality "1"]
[TimeControl "6600+10"]

1. e4 g6 2. f4 Bg7 3. Nf3 d5 4. e5 Bg4 5. c3 c5 6. Na3 Nh6 7. Nc2 Nc6 8. Ne3 Bxf3 9. Qxf3 e6 10. Bb5 O-O 11. Bxc6 bxc6 12. O-O f6 13. exf6 Qxf6 14. d3 e5 15. Ng4 Nxg4 16. Qxg4 Rae8 17. Bd2 e4 18. dxe4 Rxe4 19. Rae1 Qf5 20. Qf3 Rfe8 21. Rxe4 Qxe4 22. Qxe4 Rxe4 23. Re1 Ra4 24. a3 Kf7 25. Kf2 d4 26. Rb1 dxc3 27. bxc3 Rxa3 28. Rb7+ Kg8 29. Rb8+ Bf8 30. f5 Ra2 31. Ke1 Kf7 32. Rb7+ Kf6 33. Rxh7 gxf5 34. Rc7 Ra6 35. h4 Bd6 36. Rh7 Bg3+ 37. Ke2 Kg6 38. Rh6+ Kg7 39. h5 Be5 40. Rg6+ Kf7 41. Kd3 Rb6 42. g4 fxg4 43. Rxg4 Rb1 44. Ra4 Rb7 45. Be3 Bd6 46. Ra6 Ke6 47. Kc4 Rg7 48. Rxc6 Rg4+ 49. Kb5 Kd7 50. Ra6 Re4 51. Rxa7+ Ke6 52. Bc1 Re1 53. Ra1 c4 54. Kxc4 Re4+ 55. Kd3 Rh4 56. h6 Be5 57. Ra6+ Kf5 58. Ra5 Rh3+ 59. Be3 Ke6 60. Ra6+ Kf5 61. Ra5 Ke6 62. Ke4 Bxc3 63. Ra6+ Kf7 64. Bf4 Rh5 65. Kf3 Bf6 66. Kg4 Rh4+ 67. Kf5 Rh5+ 68. Ke4 Rh4 69. Ra5 Rh1 70. Ra2 Rh3 71. Rg2 Rh5 72. Rg4 Rh3 73. Kf5 Rh5+ 1/2-1/2

[Event "Gibraltar Challengers A 2020"]
[Site "Caleta"]
[Date "2020.01.21"]
[Round "2.9"]
[White "Galvan, Jesus"]
[Black "Ungureanu, Sandu"]
[Result "0-1"]
[ECO "D26"]
[WhiteElo "2180"]
[BlackElo "2066"]
[Annotator "ChessBase"]
[PlyCount "106"]
[EventDate "2020.01.20"]
[EventType "swiss"]
[EventCountry "GGB"]
[SourceTitle "playchess.com"]
[Source "ChessBase"]
[SourceQuality "1"]
[TimeControl "6600+10"]

1. d4 d5 2. c4 dxc4 3. e3 c5 4. Bxc4 cxd4 5. Nf3 Nc6 6. exd4 e6 7. O-O Nf6 8. Nc3 Be7 9. Qe2 O-O 10. Rd1 Nb4 11. Ne5 a6 12. a3 Nbd5 13. Rd3 b5 14. Bb3 Bb7 15. Rh3 Nxc3 16. bxc3 Be4 17. Bg5 Bf5 18. Nc6 Qc7 19. Nxe7+ Qxe7 20. Rg3 Rfd8 21. Qe5 Kf8 22. d5 h6 23. Bh4 g5 24. Rxg5 hxg5 25. Bxg5 Kg7 26. Re1 Rh8 27. Qxf5 exf5 28. Rxe7 Rhe8 29. Re3 Rxe3 30. Bxe3 Rd8 31. Bd4 Kg6 32. Bc2 Rxd5 33. f3 Ne8 34. g4 Nd6 35. h4 f6 36. Kf2 Kf7 37. h5 fxg4 38. fxg4 Rg5 39. Bg6+ Ke6 40. Kf3 Nc4 41. Kf4 Nxa3 42. Be4 Nc4 43. h6 Nd6 44. h7 Nf7 45. Bf5+ Ke7 46. Bc5+ Ke8 47. Bf2 Kf8 48. Bh4 Kg7 49. Be6 Nd8 50. Bg8 Nb7 51. Bf2 Nc5 52. Bd4 Nd3+ 53. Ke4 Ne5 0-1

[Event "Gibraltar Challengers A 2020"]
[Site "Caleta"]
[Date "2020.01.21"]
[Round "2.10"]
[White "Ask, Josef"]
[Black "Martinez Lopez, Jaume"]
[Result "1/2-1/2"]
[ECO "B06"]
[WhiteElo "2174"]
[BlackElo "2042"]
[Annotator "ChessBase"]
[PlyCount "72"]
[EventDate "2020.01.20"]
[EventType "swiss"]
[EventCountry "GGB"]
[SourceTitle "playchess.com"]
[Source "ChessBase"]
[SourceQuality "1"]
[TimeControl "6600+10"]

1. e4 g6 2. d4 Bg7 3. Bc4 e6 4. Nc3 a6 5. a4 b6 6. f4 Bb7 7. Nf3 Ne7 8. d5 Bxc3+ 9. bxc3 exd5 10. exd5 d6 11. Qd4 O-O 12. g4 c5 13. dxc6 Nbxc6 14. Qf2 Na5 15. Ba2 Nd5 16. O-O Nxc3 17. Ng5 h6 18. Nxf7 Rxf7 19. Bxf7+ Kxf7 20. Bb2 Qc7 21. h3 Ne4 22. Qd4 Qc5 23. f5 g5 24. Rfd1 Nc4 25. Rab1 Bc6 26. Kh2 Ne5 27. Qxc5 Nf3+ 28. Kg2 Nh4+ 29. Kh2 bxc5 30. Ba1 Re8 31. Rb6 Ba8 32. Rxa6 Nf3+ 33. Kg2 Nh4+ 34. Kg1 Nf3+ 35. Kg2 Nh4+ 36. Kg1 Nf3+ 1/2-1/2

[Event "Gibraltar Challengers A 2020"]
[Site "Caleta"]
[Date "2020.01.21"]
[Round "2.11"]
[White "Bengherabi, Khalil"]
[Black "Zulkipli, Zaidan"]
[Result "1-0"]
[ECO "C45"]
[WhiteElo "2106"]
[BlackElo "2174"]
[Annotator "ChessBase"]
[PlyCount "81"]
[EventDate "2020.01.20"]
[EventType "swiss"]
[EventCountry "GGB"]
[SourceTitle "playchess.com"]
[Source "ChessBase"]
[SourceQuality "1"]
[TimeControl "6600+10"]

1. e4 e5 2. Nf3 Nc6 3. d4 exd4 4. Nxd4 Nxd4 5. Qxd4 Ne7 6. Nc3 Nc6 7. Qe3 Bb4 8. Bd2 d6 9. Qg3 O-O 10. O-O-O Kh8 11. f4 f5 12. Bc4 fxe4 13. Nxe4 Bxd2+ 14. Rxd2 Bf5 15. Ng5 Qf6 16. Re1 h6 17. Ne4 Bxe4 18. Rxe4 Rae8 19. Rde2 Rd8 20. Bd5 Nd4 21. Rd2 Nf5 22. Qf2 c6 23. Re6 Qh4 24. g3 Qh3 25. Bb3 d5 26. Re5 Nd6 27. Rde2 Ne4 28. Qg1 Qg4 29. Re1 Rxf4 30. Qxa7 Rf5 31. Rxf5 Qxf5 32. Qxb7 Qg5+ 33. Kb1 Qe5 34. Rc1 Qg5 35. Rd1 Qg4 36. Rc1 Qg5 37. Rd1 Qf6 38. a4 Qd6 39. Ka2 Rb8 40. Qa7 Qb4 41. Kb1 1-0

[Event "Gibraltar Challengers A 2020"]
[Site "Caleta"]
[Date "2020.01.21"]
[Round "2.12"]
[White "Mihajlov, Svetoslav"]
[Black "Raghav, Srivathsav V"]
[Result "1-0"]
[ECO "E92"]
[WhiteElo "2173"]
[BlackElo "2023"]
[Annotator "ChessBase"]
[PlyCount "123"]
[EventDate "2020.01.20"]
[EventType "swiss"]
[EventCountry "GGB"]
[SourceTitle "playchess.com"]
[Source "ChessBase"]
[SourceQuality "1"]
[TimeControl "6600+10"]

1. d4 Nf6 2. c4 g6 3. Nc3 Bg7 4. e4 d6 5. Nf3 O-O 6. h3 e5 7. d5 a5 8. Bg5 Na6 9. Be2 Nc5 10. Qc2 h6 11. Be3 Nfd7 12. g4 c6 13. h4 cxd5 14. cxd5 a4 15. h5 g5 16. Nd2 Re8 17. O-O Bf8 18. f3 b6 19. b4 axb3 20. axb3 Na6 21. Nb5 Bb7 22. Nc4 Ndc5 23. Qc3 Nc7 24. Rxa8 Nxa8 25. b4 Na6 26. Ra1 N6c7 27. Na7 Ba6 28. Qb2 b5 29. Nc6 Qc8 30. N4a5 Qd7 31. Bd3 Bg7 32. Qe2 Nxd5 33. exd5 e4 34. Bxe4 Bxa1 35. Bf5 Qc7 36. Qf2 Rxe3 37. Qxe3 Qb6 38. Kf2 Kf8 39. Ke2 Qxe3+ 40. Kxe3 Nb6 41. Be4 Bc3 42. Kd3 Be1 43. Nb3 Nc4 44. Nbd4 Ne5+ 45. Nxe5 dxe5 46. Nf5 Bxb4 47. Nxh6 Bc5 48. Kc2 Bc8 49. Nf5 Kg8 50. Ng3 Kg7 51. Bf5 Bb7 52. Ne4 Be7 53. Bd7 Bxd5 54. Bxb5 Bxe4+ 55. fxe4 Bf8 56. Kd3 Kf6 57. Kc4 Bh6 58. Kd5 Bf8 59. Be8 Bg7 60. Kd6 Bf8+ 61. Kd7 Bh6 62. Kd8 1-0

[Event "Gibraltar Challengers A 2020"]
[Site "Caleta"]
[Date "2020.01.21"]
[Round "2.13"]
[White "Stolniceanu, Victor-Dumitru"]
[Black "Hristodorescu, Daniel"]
[Result "0-1"]
[ECO "C50"]
[WhiteElo "2074"]
[BlackElo "2172"]
[Annotator "ChessBase"]
[PlyCount "66"]
[EventDate "2020.01.20"]
[EventType "swiss"]
[EventCountry "GGB"]
[SourceTitle "playchess.com"]
[Source "ChessBase"]
[SourceQuality "1"]
[TimeControl "6600+10"]

1. e4 e5 2. Nf3 Nc6 3. Bc4 Bc5 4. O-O Nf6 5. d4 Bxd4 6. Nxd4 Nxd4 7. Bg5 Ne6 8. Bxe6 dxe6 9. Qxd8+ Kxd8 10. f4 Ke8 11. Nc3 a6 12. Rad1 exf4 13. Bxf6 gxf6 14. Rxf4 e5 15. Rxf6 Be6 16. Nd5 Rc8 17. c4 c6 18. Ne3 Rd8 19. b3 Rxd1+ 20. Nxd1 Ke7 21. Rh6 Rd8 22. Nf2 Rd2 23. Rxh7 Rxa2 24. g4 Rb2 25. Rh3 b5 26. Rc3 b4 27. Rg3 a5 28. g5 a4 29. bxa4 Bxc4 30. h4 b3 31. Rc3 Rc2 32. Nd1 b2 33. Rxc4 b1=Q 0-1

[Event "Gibraltar Challengers A 2020"]
[Site "Caleta"]
[Date "2020.01.21"]
[Round "2.14"]
[White "Nebel, Jens"]
[Black "Erdogan, Hassan"]
[Result "1-0"]
[ECO "B76"]
[WhiteElo "2168"]
[BlackElo "1830"]
[Annotator "ChessBase"]
[PlyCount "73"]
[EventDate "2020.01.20"]
[EventType "swiss"]
[EventCountry "GGB"]
[SourceTitle "playchess.com"]
[Source "ChessBase"]
[SourceQuality "1"]
[TimeControl "6600+10"]

1. e4 c5 2. Nf3 g6 3. d4 cxd4 4. Nxd4 Bg7 5. Nc3 d6 6. Be3 Nf6 7. f3 O-O 8. Qd2 Nc6 9. O-O-O Nxd4 10. Bxd4 Be6 11. Kb1 a6 12. g4 b5 13. Nd5 Bxd5 14. exd5 Qd7 15. h4 Qb7 16. g5 Nh5 17. Bxg7 Kxg7 18. Bh3 b4 19. Bg4 a5 20. Rhe1 a4 21. Re4 Rfb8 22. Rde1 Ra7 23. f4 b3 24. cxb3 axb3 25. a3 f5 26. Rb4 Qxb4 27. axb4 Rba8 28. Rxe7+ Rxe7 29. Bxh5 gxh5 30. Qc3+ Kg8 31. Qxb3 Rb7 32. Qd3 Rab8 33. Qxf5 Rxb4 34. Qe6+ Kg7 35. Qf6+ Kg8 36. f5 Rxh4 37. Qe6+ 1-0

[Event "Gibraltar Challengers A 2020"]
[Site "Caleta"]
[Date "2020.01.21"]
[Round "2.15"]
[White "Karlsson, Jorgen"]
[Black "De Abreu, Roberto N"]
[Result "0-1"]
[ECO "A45"]
[WhiteElo "2054"]
[BlackElo "2154"]
[Annotator "ChessBase"]
[PlyCount "90"]
[EventDate "2020.01.20"]
[EventType "swiss"]
[EventCountry "GGB"]
[SourceTitle "playchess.com"]
[Source "ChessBase"]
[SourceQuality "1"]
[TimeControl "6600+10"]

1. d4 Nf6 2. Bf4 c5 3. e3 Nd5 4. Bxb8 Rxb8 5. c4 Nf6 6. Nc3 g6 7. Nf3 Bg7 8. Qa4 cxd4 9. exd4 a6 10. Bd3 O-O 11. O-O d6 12. Rad1 b6 13. Rfe1 Bb7 14. Be2 Nh5 15. g3 e6 16. Qc2 Nf6 17. Nd2 Qc7 18. Qd3 d5 19. Nb3 dxc4 20. Qxc4 Qd6 21. Qd3 Qc6 22. f3 Rfd8 23. Rd2 h5 24. Bd1 Nd5 25. Ne4 a5 26. a3 Ne7 27. Rc2 Qd7 28. Be2 a4 29. Nbd2 Nf5 30. Nf1 Nxd4 31. Rd2 Qe7 32. Qe3 Nb3 33. Rxd8+ Rxd8 34. Kg2 Bd4 35. Qf4 Bxb2 36. Bb5 Nc5 37. Nxc5 Qxc5 38. Qxa4 Bxa3 39. Be2 Bb2 40. Qb3 Bd4 41. Qc4 Qe5 42. Rd1 Rd5 43. Qc2 Rc5 44. Qd2 Rc3 45. h4 Rb3 0-1

[Event "Gibraltar Challengers A 2020"]
[Site "Caleta"]
[Date "2020.01.21"]
[Round "2.16"]
[White "Alami, Halim"]
[Black "Ajele, Rotimi"]
[Result "0-1"]
[ECO "C50"]
[WhiteElo "1987"]
[BlackElo "2188"]
[Annotator "ChessBase"]
[PlyCount "132"]
[EventDate "2020.01.20"]
[EventType "swiss"]
[EventCountry "GGB"]
[SourceTitle "playchess.com"]
[Source "ChessBase"]
[SourceQuality "1"]
[TimeControl "6600+10"]

1. e4 e5 2. Nf3 Nc6 3. Bc4 Bc5 4. d3 Nf6 5. Nc3 O-O 6. Bg5 h6 7. Bh4 Be7 8. h3 d6 9. Ne2 Na5 10. Bb3 Nxb3 11. axb3 g5 12. Bg3 Nh5 13. Bh2 Bf6 14. Qd2 Nf4 15. Bxf4 exf4 16. c4 Bg7 17. g3 fxg3 18. Nxg3 Qf6 19. Ng1 Qxb2 20. Qxb2 Bxb2 21. Ra2 Bc3+ 22. Kf1 f5 23. N1e2 Bg7 24. exf5 Bxf5 25. Nxf5 Rxf5 26. Ng3 Rf3 27. Rd2 Raf8 28. Ne4 Bd4 29. Kg2 R3f5 30. h4 Kg7 31. hxg5 hxg5 32. Rh3 Kg6 33. f3 Ra5 34. Rh1 Ra3 35. Rb1 Rh8 36. Re2 Re8 37. Kh1 c6 38. Rc2 d5 39. cxd5 cxd5 40. Nf2 Bxf2 41. Rxf2 Re3 42. f4 Rxd3 43. Rg2 Raxb3 44. Rxg5+ Kf6 45. Ra1 a6 46. Rc1 Rd2 47. Rh5 a5 48. Rf1 Rdd3 49. Rh6+ Kg7 50. Rd6 a4 51. f5 Rh3+ 52. Kg2 Rbg3+ 53. Kf2 Rf3+ 54. Ke2 Rxf1 55. Kxf1 Rb3 56. Ke2 a3 57. Rxd5 b5 58. Kd2 b4 59. Ra5 Kf6 60. Kc2 Rb2+ 61. Kd3 a2 62. Ke4 b3 63. Ra6+ Kf7 64. Kf4 Rb1 65. Ra7+ Ke8 66. Ra8+ Kd7 0-1

[Event "Gibraltar Challengers A 2020"]
[Site "Caleta"]
[Date "2020.01.21"]
[Round "2.17"]
[White "Patola, Eero"]
[Black "Lopez Gonzalez, Alfonso"]
[Result "0-1"]
[ECO "D10"]
[WhiteElo "1831"]
[BlackElo "2199"]
[Annotator "ChessBase"]
[PlyCount "36"]
[EventDate "2020.01.20"]
[EventType "swiss"]
[EventCountry "GGB"]
[SourceTitle "playchess.com"]
[Source "ChessBase"]
[SourceQuality "1"]
[TimeControl "6600+10"]

1. c4 c6 2. Nc3 d5 3. d4 dxc4 4. e4 b5 5. a4 a6 6. axb5 cxb5 7. Nxb5 axb5 8. Rxa8 Bb7 9. Rxb8 Qxb8 10. d5 Nf6 11. Qc2 e6 12. dxe6 Bxe4 13. exf7+ Kxf7 14. Qc3 Bc5 15. Nf3 Re8 16. Ng5+ Kg8 17. Nxe4 Nxe4 18. Bxc4+ Kh8 0-1

[Event "Gibraltar Challengers A 2020"]
[Site "Caleta"]
[Date "2020.01.21"]
[Round "2.18"]
[White "Vinas Guerrero, Carlos A."]
[Black "Kunnavakkam, Sudarshanagopal Vin"]
[Result "1-0"]
[ECO "B24"]
[WhiteElo "2092"]
[BlackElo "1786"]
[Annotator "NA"]
[PlyCount "41"]
[EventDate "2020.01.20"]
[EventType "swiss"]
[EventCountry "GGB"]
[SourceTitle "playchess.com"]
[Source "ChessBase"]
[SourceQuality "1"]
[TimeControl "6600+10"]

1. e4 c5 2. Nc3 Nc6 3. g3 Nf6 4. Bg2 e6 5. Nge2 d5 6. exd5 exd5 7. d4 Bf5 8. Bg5 Be7 9. O-O cxd4 10. Nxd4 Nxd4 11. Qxd4 Bxc2 12. Rfe1 Kf8 13. Rac1 Bg6 14. Bxf6 Bxf6 15. Qb4+ Be7 16. Qxb7 Rb8 $18 17. Qxa7 Ra8 18. Qb7 Rb8 19. Qxd5 Rxb2 20. Rxe7 Qxe7 21. Qa8+ 1-0

[Event "Gibraltar Challengers A 2020"]
[Site "Caleta"]
[Date "2020.01.21"]
[Round "2.19"]
[White "Hari Charan Sai Kalluri"]
[Black "Hamer, Martyn"]
[Result "1-0"]
[WhiteElo "1836"]
[BlackElo "2069"]
[Annotator "NA"]
[PlyCount "23"]
[EventDate "2020.01.20"]
[EventType "swiss"]
[EventCountry "GGB"]
[SourceTitle "playchess.com"]
[Source "ChessBase"]
[SourceQuality "1"]
[TimeControl "6600+10"]

1. d4 Nf6 2. Nf3 g6 3. Nc3 d5 4. Bf4 Bg7 5. e3 O-O 6. Be2 c5 7. Ne5 cxd4 8. exd4 Nc6 9. O-O Qb6 10. Nxc6 bxc6 11. Na4 $11 Qa5 12. c3 1-0

[Event "Gibraltar Challengers A 2020"]
[Site "Caleta"]
[Date "2020.01.21"]
[Round "2.20"]
[White "Kukic, Boris"]
[Black "Hermes, Geoff R"]
[Result "1/2-1/2"]
[ECO "A41"]
[WhiteElo "2056"]
[BlackElo "1832"]
[Annotator "NA"]
[PlyCount "101"]
[EventDate "2020.01.20"]
[EventType "swiss"]
[EventCountry "GGB"]
[SourceTitle "playchess.com"]
[Source "ChessBase"]
[SourceQuality "1"]
[TimeControl "6600+10"]

1. d4 d6 2. c4 e5 3. Nf3 e4 4. Nfd2 f5 5. e3 Nf6 6. Be2 {[%emt 0:00:36] A41: 1 d4 d6: Tartakower System and Modern Defence} Be7 7. Nc3 O-O (7... c6 8. Qc2 O-O 9. b4 Na6 10. a3 d5 11. Bb2 Nc7 12. c5 f4 13. exf4 Ne6 14. Nd1 Nxf4 15. Ne3 Nxe2 16. Kxe2 {0-1 (29) Bu,X (2730)-Adhiban,B (2655) Riadh 2017}) 8. O-O c6 9. b4 d5 10. Rb1 Be6 $146 ({Predecessor:} 10... Kh8 11. b5 g5 12. bxc6 bxc6 13. Nb3 Na6 14. cxd5 cxd5 15. Bd2 {0-1 (30) Baraeva,M (2176)-Dogodkina,J (2136) Loo 2013}) 11. a4 b6 12. Qb3 Nbd7 13. Ba3 Bf7 14. Rbc1 c5 15. Nxd5 Nxd5 16. cxd5 cxd4 17. exd4 Nf6 18. b5 Bxa3 19. Qxa3 Bxd5 20. Nc4 f4 21. Ne5 f3 22. Bc4 fxg2 23. Rfe1 Bxc4 24. Rxc4 Qd5 25. Qh3 Rae8 26. Rec1 e3 27. fxe3 Ne4 28. Rc8 Nf2 29. Qxg2 Qxg2+ 30. Kxg2 Rxc8 31. Rxc8 Rxc8 32. Kxf2 Rc2+ 33. Kg3 Ra2 34. d5 Kf8 35. Nc6 Ke8 36. e4 Rxa4 37. Kf4 g5+ ({Black should try} 37... a6 $17 38. bxa6 Rxa6) 38. Kf5 g4 39. e5 Ra5 40. Ke6 Ra2 41. d6 Rd2 42. Nb4 h5 (42... Kd8 $5) 43. Nd5 $1 h4 $18 ({Don't go for} 43... Rxh2 $2 44. Nf6+ Kd8 45. Kf7 $18) (43... Kd8 $11 44. Nf6 Re2) 44. Nf6+ Kd8 45. Nxg4 Rg2 46. Nf6 Rxh2 47. Kd5 Rd2+ 48. Kc6 Re2 49. Kd5 Rd2+ 50. Kc6 Re2 51. Kd5 1/2-1/2

[Event "Gibraltar Challengers A 2020"]
[Site "Caleta"]
[Date "2020.01.21"]
[Round "2.21"]
[White "Tkadlecek, Petr"]
[Black "Huguet, Sergio"]
[Result "0-1"]
[ECO "A48"]
[WhiteElo "1775"]
[BlackElo "2055"]
[Annotator "NA"]
[PlyCount "112"]
[EventDate "2020.01.20"]
[EventType "swiss"]
[EventCountry "GGB"]
[SourceTitle "playchess.com"]
[Source "ChessBase"]
[SourceQuality "1"]
[TimeControl "6600+10"]

1. d4 Nf6 2. Nf3 g6 3. Bf4 Bg7 4. e3 b6 5. Be2 (5. h3 Bb7 6. Be2 O-O 7. O-O d6 8. a4 Nbd7 9. a5 bxa5 10. Nbd2 c5 11. Nc4 Ba6 12. Nxa5 Bxe2 13. Qxe2 Qb6 14. c3 Ne4 15. Qc2 d5 16. Nd2 Nxd2 17. Qxd2 {1-0 (56) Carlsen,M (2832)-Guseinov,G (2645) chess.com INT 2017}) 5... Bb7 6. c4 {[%emt 0:01:33] A48: 1 d4 Nf6 2 Nf3 g6: Torre, London and Colle Systems} O-O 7. Nc3 d6 8. Bg5 Nbd7 9. Qc2 h6 $146 ({Predecessor:} 9... Rc8 10. O-O d5 11. b3 c5 12. Qd1 Qc7 13. Rc1 e6 14. Nb5 Qb8 {1-0 (52) Cobo Carrillo,M-Raventos,J Spain 2003}) 10. Bh4 e5 11. d5 a5 12. Rd1 Nc5 13. O-O Qd7 14. Nd2 Nh7 15. h3 f5 16. Bg3 Nf6 17. a3 a4 18. f3 g5 19. f4 gxf4 20. exf4 e4 21. Bf2 Rfe8 22. Be3 Re7 $11 23. Nb5 Ba6 24. Nd4 Nxd5 25. cxd5 Bxd4 26. Nc4 Bxe3+ 27. Nxe3 Bd3 28. Qd2 Rf8 29. Rf2 Bxe2 30. Qxe2 Nd3 31. Rff1 Qe8 32. Rd2 Rg7 33. Rc2 Qg6 34. g4 Qf6 35. Kh2 Qh4 36. Ng2 Qe7 37. gxf5 Rxf5 38. Rc4 Nc5 39. Ne3 Rf8 40. Rcc1 Qh4 41. Ng2 Qg3+ 42. Kg1 Rxf4 43. Rxf4 Qxf4 44. Rf1 Qg3 45. Rf2 Nd3 46. Rf1 Nf4 47. Qxe4 Qxg2+ 48. Qxg2 Nxg2 49. Rf2 Ne3+ 50. Kh2 Nxd5 51. Rf5 Ne7 52. Rf4 Rf7 53. Rxa4 Rf2+ 54. Kg3 Rxb2 55. Ra8+ Kf7 56. Ra7 Rc2 0-1

[Event "Gibraltar Challengers A 2020"]
[Site "Caleta"]
[Date "2020.01.21"]
[Round "2.22"]
[White "Ankitha Goud Palle"]
[Black "Hladik, Lumir"]
[Result "1/2-1/2"]
[ECO "E17"]
[WhiteElo "1761"]
[BlackElo "2018"]
[Annotator "NA"]
[PlyCount "110"]
[EventDate "2020.01.20"]
[EventType "swiss"]
[EventCountry "GGB"]
[SourceTitle "playchess.com"]
[Source "ChessBase"]
[SourceQuality "1"]
[TimeControl "6600+10"]

1. Nf3 Nf6 2. c4 e6 3. g3 b6 4. Bg2 Bb7 5. O-O Be7 6. b3 O-O 7. Bb2 d6 8. d4 Nbd7 9. Nc3 Ne4 10. Qc2 Nxc3 {[%emt 0:01:31] E17: Queen's Indian: 4 g3 Bb7 5 Bg2 Be7} 11. Bxc3 Nf6 (11... f5 12. d5 e5 13. Bh3 g6 14. e4 f4 15. b4 Bc8 16. Be6+ Kg7 17. g4 h6 18. h3 Nf6 19. Bxc8 Qxc8 20. Kh2 Nxg4+ 21. hxg4 Qxg4 {½-½ (21) Zhou,J (2635)-Wang,Y (2723) Shenzhen 2016}) 12. d5 $146 ({Predecessor:} 12. Rfe1 Be4 13. Qb2 Qc8 14. Bf1 Bxf3 15. exf3 d5 16. Rac1 Qd7 17. Bd2 a5 18. Bf4 {1-0 (32) Arnaudov,P (2487)-Veleski,R (2262) Struga 2013}) 12... exd5 13. Ng5 Ne4 14. Nxe4 dxe4 15. Bxe4 Bxe4 16. Qxe4 Bf6 17. Bxf6 Qxf6 18. e3 Rae8 19. Qb7 Re7 20. Qxa7 Qf3 21. Qa3 h5 22. Qc1 h4 23. Qd1 Qe4 24. Qd5 Qg4 25. Rad1 Re5 26. Rd4 Qe2 27. Qg2 hxg3 28. Qxg3 Re6 29. Rg4 g6 30. h4 Kg7 31. h5 (31. Kg2 $11) 31... Rh8 32. hxg6 Rxg6 33. Rxg6+ fxg6 34. Kg2 Qxa2 35. Qg4 Qa8+ 36. Kg3 Qe8 37. Qd4+ Kg8 38. Ra1 Rh5 39. Ra7 Rg5+ 40. Kf3 $11 Rf5+ 41. Ke2 Qb8 42. Ra1 Qf8 43. f4 Qg7 44. Ra8+ Rf8 45. Qd5+ Kh7 46. Qh1+ Kg8 47. Qd5+ Kh7 48. Rxf8 Qxf8 49. b4 Qe7 50. b5 Qd7 51. Kd3 Kg7 52. Qd4+ Kh7 53. Qe4 Kg7 54. Qd4+ Kh7 55. Qe4 Kg7 1/2-1/2

[Event "Gibraltar Challengers A 2020"]
[Site "Caleta"]
[Date "2020.01.21"]
[Round "2.24"]
[White "Meszaros, Andras"]
[Black "Adewole, Adeyinka"]
[Result "1-0"]
[ECO "B06"]
[WhiteElo "2244"]
[BlackElo "1941"]
[Annotator "ChessBase"]
[PlyCount "33"]
[EventDate "2020.01.20"]
[EventType "swiss"]
[EventCountry "GGB"]
[SourceTitle "playchess.com"]
[Source "ChessBase"]
[SourceQuality "1"]
[TimeControl "6600+10"]

1. e4 d6 2. d4 g6 3. Nc3 Nc6 4. d5 Nb8 5. f4 Bg7 6. Nf3 c5 7. Bd3 Bg4 8. h3 Bd7 9. Qe2 e5 10. fxe5 dxe5 11. O-O Qb6 12. Qf2 f6 13. Nxe5 Qc7 14. Nc4 Bf8 15. e5 b5 16. d6 Qc8 17. exf6 1-0

[Event "Gibraltar Challengers A 2020"]
[Site "Caleta"]
[Date "2020.01.21"]
[Round "2.25"]
[White "Perez Ruiz, Santiago"]
[Black "Tejaswini, Sagar"]
[Result "0-1"]
[ECO "D12"]
[WhiteElo "1953"]
[BlackElo "2180"]
[Annotator "ChessBase"]
[PlyCount "70"]
[EventDate "2020.01.20"]
[EventType "swiss"]
[EventCountry "GGB"]
[SourceTitle "playchess.com"]
[Source "ChessBase"]
[SourceQuality "1"]
[TimeControl "6600+10"]

1. d4 d5 2. Nf3 Nf6 3. c4 c6 4. e3 Bf5 5. Nc3 e6 6. cxd5 exd5 7. Bd3 Bxd3 8. Qxd3 Be7 9. Ne5 Nfd7 10. f4 Nxe5 11. fxe5 f6 12. O-O O-O 13. e4 fxe5 14. exd5 exd4 15. Qxd4 Na6 16. Be3 Bc5 17. Qd3 Qb6 18. Bxc5 Qxc5+ 19. Kh1 Nb4 20. Qh3 Nxd5 21. Qe6+ Kh8 22. Nxd5 cxd5 23. Qd7 Qc6 24. Qe7 Rfe8 25. Qf7 Rad8 26. Rac1 Qd7 27. Qf4 Rc8 28. Rxc8 Qxc8 29. h4 h6 30. Rc1 Qd8 31. Rc7 Re4 32. Qg3 Qf6 33. Rxb7 Rxh4+ 34. Kg1 Qd4+ 35. Kf1 Rf4+ 0-1